 Dungeon Crawl Stone Soup version 0.21-a0-225-g207ae17 (webtiles) character file.

21 tof the Twirler (level 2, -3/22 HPs)
             Began as a Demonspawn Gladiator on Aug 29, 2017.
             Slain by a leopard gecko (4 damage)
             ... on level 2 of the Dungeon.
             The game lasted 00:01:50 (1044 turns).

tof the Twirler (Demonspawn Gladiator)              Turns: 1044, Time: 00:01:52

Health: -3/22      AC:  4    Str: 14    XL:     2   Next: 65%
Magic:  2/2        EV: 15    Int:  9    God:
Gold:   41         SH:  0    Dex: 14    Spells: 1/1 levels left

rFire    . . .     SeeInvis .   a - +0 quarterstaff
rCold    . . .     Gourm    .   (shield currently unavailable)
rNeg     . . .     Faith    .   b - +0 leather armour
rPois    .         Spirit   .   c - +0 helmet
rElec    .         Reflect  .   (no cloak)
rCorr    .         Harm     .   (no gloves)
MR       .....                  (no boots)
Stlth    +.........             k - amulet of inaccuracy (curse)
HPRegen  0.07/turn              (no ring)
MPRegen  0.08/turn              (no ring)

@: lethally poisoned (-3 -> -8)
A: repulsion field 1
a: no special abilities


You were on level 2 of the Dungeon.
You were hungry.

You visited 1 branch of the dungeon, and saw 2 of its levels.

You collected 41 gold pieces.

Inventory:

Hand Weapons
 a - a +0 quarterstaff (weapon)
Missiles
 d - 3 throwing nets (quivered)
Armour
 b - a +0 leather armour (worn)
 c - a +0 helmet (worn)
Jewellery
 k - a cursed amulet of inaccuracy (around neck)
Scrolls
 i - a scroll of noise {unknown}
Potions
 e - a potion of curing {unknown}
 j - 4 potions of might {unknown}
Comestibles
 f - a bread ration
 g - a meat ration
 h - a chunk of flesh


   Skills:
 + Level 2.1 Fighting
 * Level 2.9 Staves
 + Level 2.0 Throwing
 * Level 1.2 Armour
 + Level 2.8 Dodging


You had one spell level left.
You didn't know any spells.

Dungeon Overview and Level Annotations

Branches:
Dungeon (2/15)

Altars:


Innate Abilities, Weirdness & Mutations

You are surrounded by a mild repulsion field. (EV +2)


Message History

The adder is moderately wounded.
The adder bites you but does no damage. The leopard gecko misses you.
The adder bites you.
* * * LOW HITPOINT WARNING * * *
You closely miss the adder.
The adder is moderately wounded.
* * * LOW HITPOINT WARNING * * *
You feel sick. The adder misses you. The leopard gecko barely misses you.
The dart slug closely misses you.
You barely miss the adder.
The adder is moderately wounded.
The adder completely misses you. The leopard gecko barely misses you.
The dart slug bites you but does no damage.
The adder barely misses you. The leopard gecko barely misses you.
You closely miss the adder.
The adder is moderately wounded.
* * * LOW HITPOINT WARNING * * *
You feel sick. The adder bites you but does no damage.
The leopard gecko bites you.
You die...

... #(# #
##+#.## .
#.>...#.# .
#.....#.##..
#...........
#...l.......
#..@S......
#+##w#....#
... .##
.....
.......
.......
...?.#.
.....#


You could see an adder, a dart slug and a leopard gecko.

Vanquished Creatures
  A leopard gecko (D:1)
  6 bats (D:1)
  A giant cockroach (D:2)
  3 goblins (D:1)
  A hobgoblin (D:1)
  A frilled lizard (D:1)
  3 kobolds (D:1)
  3 rats (D:1)
19 creatures vanquished.

Notes
Turn   | Place    | Note
-------+----------+-------------------------------------------
     0 | D:1      | tof the Demonspawn Gladiator began the quest for the Orb.
     0 | D:1      | Reached XP level 1. HP: 16/16 MP: 1/1
   394 | D:1      | Gained mutation: You are surrounded by a mild repulsion field. (EV +2) [demonic ancestry]
   394 | D:1      | Reached XP level 2. HP: 19/22 MP: 2/2
   460 | D:1      | Reached skill level 1 in Armour
  1044 | D:2      | HP: 1/22 [poisoned by an adder]
  1044 | D:2      | Slain by a leopard gecko

Vault maps used:
D:1:      dpeg_chamrin_arrival_tetris
D:2:      okawaru_metal_pillars_1_2, minmay_rat_gold_closets

Skill      XL: |  1  2 |
---------------+-------+-----
Armour         | 1 |  1.2
Throwing       | 2 |  2.0
Fighting       | |  2.1
Staves         | |  2.9
Dodging        | |  2.8

Action                   || total
-------------------------++-------
Melee: Quarterstaff      ||    90
 Stab: Sleeping          ||     1
Armor: Leather armour    ||    43
Dodge: Dodged            ||   116

Table legend:
 A = Spawn XP
 B = Non-spawn XP
 C = Spawn XP percentage of total XP
 D = Spawn monster count
 E = Non-spawn monster count
 F = Spawn count percentage of total count
 G = Total turns spent on level
                    A         B        C        D         E        F      G
               +---------+---------+-------+---------+---------+-------+---------
         Total |       1 |      30 |   3.2 |       1 |      18 |   5.3 |  1044
               +---------+---------+-------+---------+---------+-------+---------
           D:1 |       1 |      28 |   3.4 |       1 |      17 |   5.6 |  1026
           D:2 |       0 |       2 |   0.0 |       0 |       1 |   0.0 |    18
               +---------+---------+-------+---------+---------+-------+---------
